 Dungeon Crawl Stone Soup version 0.23-a0-703-gdf2d5e0 (webtiles) character file.

852 Lilu the Conjurer (level 7, -7/38 HPs)
             Began as a Deep Elf Conjurer on Jan 13, 2019.
             Mangled by Prince Ribbit (11 damage)
             ... on level 4 of the Dungeon.
             The game lasted 00:12:15 (4837 turns).

Lilu the Conjurer (Deep Elf Conjurer)               Turns: 4837, Time: 00:12:16

Health: -7/38      AC:  8    Str:  5    XL:     7   Next: 69%
Magic:  1/17       EV: 14    Int: 22    God:
Gold:   203        SH:  0    Dex: 15    Spells: 0/17 levels left

rFire    x . .     SeeInvis .   h - +2 flail (holy)
rCold    + . .     Gourm    .   (no shield)
rNeg     . . .     Faith    .   a - +1 leather armour {MR+}
rPois    .         Spirit   .   r - +1 helmet
rElec    .         Reflect  .   s - +0 cloak
rCorr    +         Harm     .   (no gloves)
MR       +....                  f - +0 pair of boots
Stlth    ++........             (no amulet)
HPRegen  0.12/turn              j - ring of resist corrosion
MPRegen  0.15/turn              n - ring of ice

@: very slightly contaminated
A: no striking features
a: no special abilities


You were on level 4 of the Dungeon.
You were very hungry.

You visited 1 branch of the dungeon, and saw 5 of its levels.

You collected 203 gold pieces.

Inventory:

Hand Weapons
 h - a +2 flail of holy wrath (weapon)
 i - a +0 dagger of electrocution
Armour
 a - a +1 leather armour of magic resistance (worn)
 f - a +0 pair of boots (worn)
 r - a +1 helmet (worn)
 s - a +0 cloak (worn)
Jewellery
 j - a ring of resist corrosion (left hand)
 n - a ring of ice (right hand)
Scrolls
 b - a scroll of fear
 d - 2 scrolls of blinking
Potions
 e - a potion of mutation
 g - 2 potions of heal wounds {unknown}
 m - a potion of brilliance
 o - a potion of flight
 w - 3 potions of curing
Comestibles
 c - 10 rations


   Skills:
 + Level 1.5 Fighting
 + Level 5.2 Dodging
 - Level 2.4 Stealth
 + Level 5.9 Spellcasting
 + Level 6.1 Conjurations
 - Level 4.2 Hexes
 * Level 3.5 Translocations


You couldn't memorise any spells.
You knew the following spells:

 Your Spells              Type           Power        Failure   Level  Hunger
a - Magic Dart            Conj           ####         1%          1    None
b - Searing Ray           Conj           ####..       1%          2    None
c - Fulminant Prism       Conj/Hex       ####......   19%         4    ###....
d - Force Lance           Conj/Tloc      ####....     21%         4    ###....
e - Conjure Flame         Conj/Fire      ###.....     13%         3    #......
f - Mephitic Cloud        Conj/Pois/Air  ###.....     21%         3    #......

Your spell library contained the following spells:

 Spells                   Type           Power        Failure   Level  Hunger
 Slow                     Hex            ###.....     4%          2    None
 Blink                    Tloc           N/A          5%          2    None
 Dazzling Spray           Conj/Hex       ####..       5%          3    #......
 Iskenderun's Mystic Bla  Conj           ####....     12%         4    ###....
 Call Imp                 Summ           #.......     24%         2    None


Dungeon Overview and Level Annotations

Branches:
Dungeon (5/15)
 Temple: D:4-7

Altars:
Ashenzari
Hepliaklqana
Trog
Uskayaw
Wu Jian
Zin

Annotations:
D:4 Prince Ribbit


Message History

There is a stone staircase leading down here.
You closely miss Prince Ribbit.
Prince Ribbit is lightly wounded.
Prince Ribbit hits you!
Prince Ribbit hits you but does no damage.
Press: ? - help, v - describe, . - travel
Here: Prince Ribbit (lightly wounded)
The floor.
Unknown command.
Prince Ribbit hits you.
* * * LOW HITPOINT WARNING * * *
Casting: Searing Ray (safe; 1% risk of failure)
Confirm with . or Enter, or press ? or * to list all spells.
Aiming: Force Lance (slightly dangerous; 21% risk of failure)
Press: ? - help, Shift-Dir - straight line, f - Prince Ribbit
Aim: Prince Ribbit (lightly wounded)
You miscast Force Lance.
Your skin glows momentarily.
Prince Ribbit hits you.
* * * LOW HITPOINT WARNING * * *
Prince Ribbit hits you!
You die...

.(.##............##.....#
...##.............#######
#######...#....#.(...#
..###................####
#..<............##......####
##..#........>..###........####
##.............######.#......#
#.....)......F.#####.....)..#
###..##...#.....@.....#.......#
.....####..####.......##......#
.....# ##...#.........#......#
.....# ###.#.........##.#####
.##### #..........[##.## .#
##..........##..# .#
##.........###.## .#
#..............# .#
#.......).##.(.#


You could see Prince Ribbit.

Vanquished Creatures
  Sigmund (D:5)
  2 ogres
  A howler monkey (D:4)
  A hound (D:4)
  Crazy Yiuf (D:2)
  2 orc priests (D:3)
  A centaur skeleton (D:4)
  2 orc wizards
  An iguana (D:4)
  Natasha (thrice) (D:2)
  A worker ant (D:4)
  A hound skeleton (D:4)
  Robin (D:2)
  2 adders
  An ooze (D:4)
  4 worms
  A dart slug (D:3)
  A leopard gecko (D:2)
  19 orcs
  3 giant cockroaches
  16 goblins
  6 hobgoblins
  4 jackals (D:3)
  11 kobolds
  A ball python (D:4)
  4 bats (D:1)
  A frilled lizard (D:2)
  A leopard gecko zombie (D:4)
  8 rats
101 creatures vanquished.

Notes
Turn   | Place    | Note
-------+----------+-------------------------------------------
     0 | D:1      | Lilu the Deep Elf Conjurer began the quest for the Orb.
     0 | D:1      | Reached XP level 1. HP: 10/10 MP: 6/6
   417 | D:1      | Reached XP level 2. HP: 15/15 MP: 2/8
   563 | D:1      | Learned a level 2 spell: Searing Ray
  1161 | D:2      | Found a bloodstained altar of Trog.
  1270 | D:2      | Found a shattered altar of Ashenzari.
  1559 | D:2      | Reached skill level 5 in Conjurations
  1559 | D:2      | Reached XP level 3. HP: 12/19 MP: 5/10
  1635 | D:2      | Noticed Natasha
  1655 | D:2      | Killed Natasha
  1655 | D:2      | Reached XP level 4. HP: 2/24 MP: 7/12
  1853 | D:2      | Noticed Robin
  1861 | D:2      | Killed Robin
  1945 | D:2      | Noticed Natasha
  1952 | D:2      | Killed Natasha
  2171 | D:2      | Reached XP level 5. HP: 28/28 MP: 10/14
  2615 | D:2      | Noticed Natasha
  2620 | D:2      | Killed Natasha
  2755 | D:2      | Learned a level 4 spell: Fulminant Prism
  2760 | D:2      | Learned a level 4 spell: Force Lance
  2824 | D:2      | Found a runed door.
  2828 | D:2      | Noticed Crazy Yiuf
  2831 | D:2      | Killed Crazy Yiuf
  2831 | D:2      | Reached skill level 5 in Spellcasting
  2910 | D:3      | Reached skill level 1 in Hexes
  3278 | D:3      | Reached skill level 1 in Translocations
  3281 | D:3      | Reached XP level 6. HP: 32/32 MP: 10/15
  3613 | D:3      | Found an ornate altar of the Wu Jian Council.
  3771 | D:3      | Found a hide-covered altar of Uskayaw.
  3775 | D:3      | Found a hazy altar of Hepliaklqana.
  3834 | D:3      | Found a glowing silver altar of Zin.
  3913 | D:4      | Reached skill level 1 in Fighting
  3928 | D:4      | Reached XP level 7. HP: 20/38 MP: 7/17
  3966 | D:4      | Reached skill level 5 in Dodging
  4166 | D:4      | Reached skill level 6 in Conjurations
  4594 | D:4      | Learned a level 3 spell: Conjure Flame
  4598 | D:4      | Learned a level 3 spell: Mephitic Cloud
  4710 | D:5      | Entered Level 5 of the Dungeon
  4731 | D:5      | Noticed Sigmund
  4740 | D:5      | Killed Sigmund
  4814 | D:5      | Noticed Prince Ribbit
  4837 | D:4      | Mangled by Prince Ribbit

Vault maps used:
D:1:      tarquinn_simple_flora_water_b
D:2:      bloody_trog, ashenzari_altar_1, serial_bayou_lake_a,
          uniq_crazy_yiuf_cottage, uniq_natasha, uniq_robin
D:3:      zin_statuary, lemuel_crystal_altar, minitemple
D:4:      first_ration
D:5:      minmay_temple_entry_statues_fountains, serial_shops,
          kennysheep_mini_moat, kennysheep_little_box, serial_corexii_hall,
          corexii_hall_statues_x, corexii_hall_statues_x, minmay_misc_feat_rows,
          uniq_sigmund, uniq_prince_ribbit1

Skill      XL: |  1  2  3  4  5  6  7 |
---------------+----------------------+-----
Dodging        | 3 4 5 |  5.2
Spellcasting   | 4 5 |  5.9
Conjurations   | 5 6 |  6.1
Hexes          | 1 3 4 |  4.2
Translocations | 1 2 3 |  3.5
Fighting       | 1 |  1.5
Stealth        | |  2.4

Action                   |  1- 3 |  4- 6 |  7- 9 || total
-------------------------+-------+-------+-------++-------
Melee: Flail             |       |    43 |    33 ||    76
 Cast: Magic Dart        |    53 |    47 |    29 ||   129
       Searing Ray       |     4 |    15 |     7 ||    26
  Use: Scroll            |       |    11 |     1 ||    12
 Stab: Sleeping          |       |     4 |       ||     4
  Eat: Chunk             |     2 |     7 |     2 ||    11
Armor: Robe              |     4 |    11 |       ||    15
       Leather armour    |       |     4 |    22 ||    26
Dodge: Dodged            |     4 |    58 |    54 ||   116

Table legend:
 A = Non-vault XP
 B = Vault XP
 C = Vault XP percentage of total XP
 D = Non-vault monster count
 E = Vault monster count
 F = Vault count percentage of total count
                 A         B        C        D         E       F
            +---------+---------+-------+---------+---------+-------
      Total |     877 |     341 |  28.0 |      86 |      15 |  14.9
            +---------+---------+-------+---------+---------+-------
        D:1 |      23 |       0 |   0.0 |      17 |       0 |   0.0
        D:2 |     169 |     114 |  40.3 |      23 |      14 |  37.8
        D:3 |     293 |       0 |   0.0 |      23 |       0 |   0.0
        D:4 |     383 |       0 |   0.0 |      20 |       0 |   0.0
        D:5 |       9 |     227 |  96.2 |       3 |       1 |  25.0
            +---------+---------+-------+---------+---------+-------
